 Dungeon Crawl Stone Soup version 0.30.1-4-g462c640d31 (webtiles) character file.

Game seed: 10203882860637167466

6 HagarQim the Firebug (level 1, 0/16 HPs)
             Began as an Ogre Fire Elementalist on Aug 24, 2023.
             Slain by a jackal (2 damage)
             ... on level 1 of the Dungeon.
             The game lasted 00:00:51 (168 turns).

HagarQim the Firebug (Ogre Fire Elementalist)        Turns: 168, Time: 00:00:52

Health: 0/16       AC:  3    Str: 11    XL:     1   Next: 90%
Magic:  3/4        EV:  9    Int: 16    God:
Gold:   0          SH:  0    Dex:  9    Spells: 4/5 levels left

rFire   . . .        (no weapon)
rCold   . . .        (no shield)
rNeg    . . .        a - +0 robe
rPois   .            (helmet restricted)
rElec   .            (no cloak)
rCorr   .            (gloves unavailable)
SInv    .            (boots unavailable)
Will    .....        (no amulet)
Stlth   +            (no ring)
HPRegen 0.22/turn    (no ring)
MPRegen 0.09/turn

%: no passive effects
@: no status effects
A: large, unfitting armour, tough skin 1
a: no special abilities


You were on level 1 of the Dungeon.
You visited 1 branch of the dungeon, and saw 1 of its levels.

Inventory:

Armour
 a - a +0 robe (worn)
Scrolls
 c - 2 scrolls of teleportation {unknown}


   Skills:
 + Level 1.7 Dodging
 + Level 1.4 Stealth
 + Level 2.5 Spellcasting
 + Level 0.8 Conjurations
 + Level 3.0 Fire Magic


You had 4 spell levels left.
You knew the following spells:

 Your Spells              Type           Power      Damage    Failure   Level
a - Foxfire               Conj/Fire      32%        2x1d5     9%          1

Your spell library contained the following spells:

 Spells                   Type           Power      Damage    Failure   Level
 Scorch                   Fire           22%        2d5       9%          2
 Inner Flame              Hex/Fire       6%         N/A       32%         3
 Volatile Blastmotes      Fire/Tloc      12%        2d11      32%         3
 Flame Wave               Conj/Fire      8%         2d5       65%         4


Dungeon Overview and Level Annotations

Branches:
Dungeon (1/15)

Altars:


Innate Abilities, Weirdness & Mutations

You are too large for most types of armour.
You have tough skin. (AC +1)


Message History

You hit the quokka but do no damage.
The quokka is heavily wounded.
The quokka bites you but does no damage.
You barely miss the quokka.
The quokka is moderately wounded.
The quokka bites you. x2
You barely miss the quokka.
The quokka is moderately wounded.
The quokka bites you.
You barely miss the quokka.
The quokka is moderately wounded.
The quokka bites you but does no damage.
You hit the quokka.
The quokka is severely wounded.
The quokka bites you but does no damage.
Your magical contamination has completely faded away.
You are too injured to fight recklessly!
Casting: Foxfire (safe; 9% risk of failure)
Confirm with . or Enter, or press ? or * to list all spells.
You conjure some foxfire!
The quokka bites you.
Your foxfire dissipates!
The quokka attacks as you move away! The quokka closely misses you.
The foxfire hits the quokka.
You kill the quokka!
Your Fire Magic skill increases to level 3!
Casting: Foxfire (safe; 9% risk of failure)
Confirm with . or Enter, or press ? or * to list all spells.
You don't have enough magic to cast this spell.
You closely miss the jackal. The jackal bites you.
* * * LOW HITPOINT WARNING * * *
Okay, then.
Magic courses through your body. The jackal bites you.
* * * LOW HITPOINT WARNING * * *
Unknown command.
Casting: Foxfire (safe; 9% risk of failure)
Confirm with . or Enter, or press ? or * to list all spells.
You conjure some foxfire!
The jackal bites you.
* * * LOW HITPOINT WARNING * * *
The jackal bites you.
You die...

### #.. ### #.. .. #.. .
#. #.. ..
#.###############.. ...
#...............#.. ..
##v.............#..
#.##@(............#..
#..vh.............#..
####†###..#.......#..
..######..###.........#..
.................†.......
..##.............########
#...............
#...............
#######†.......


You could see a jackal (ally target).

Vanquished Creatures
  2 bats (D:1)
  A jackal (D:1)
  A quokka (D:1)
  A frilled lizard (D:1)
5 creatures vanquished.

Vanquished Creatures (others)
  13 foxfires (D:1)
13 creatures vanquished.

Grand Total: 18 creatures vanquished

Notes
Turn   | Place    | Note
-------+----------+-------------------------------------------
     0 | D:1      | HagarQim the Ogre Fire Elementalist began the quest for the
                  | Orb.
     0 | D:1      | Reached XP level 1. HP: 16/16 MP: 3/3
   166 | D:1      | Reached skill level 3 in Fire Magic
   168 | D:1      | Slain by a jackal

Illustrated notes

Levels and vault maps discovered:
D:1:      mrwooster_arrival_statue, layout_basic

Skill      XL: |  1 |
---------------+----+-----
Fire Magic     | 3 |  3.0
Dodging        | |  1.7
Stealth        | |  1.4
Spellcasting   | |  2.5
Conjurations   | |  0.8

Action                     || total
---------------------------++-------
  Melee: Unarmed           ||    11
   Cast: Foxfire           ||    10
    Use: Potion            ||     1
 Armour: Robe              ||     6
  Dodge: Dodged            ||     5
